 Seeded DCSS version 0.29-a0-925-g0a7a3d12f8 (webtiles) character file.

Game seed: 1 (custom seed)

113 Kazon the Covered (level 4, -3/38 HPs)
             Began as a Demigod Fighter on July 28, 2022.
             Killed by divine providence
             ... invoked by an orc priest
              (13 damage)
             ... on level 3 of the Dungeon.
             The game lasted 00:10:06 (2195 turns).

Kazon the Covered (Demigod Fighter)                 Turns: 2195, Time: 00:10:06

Health: -3/38      AC: 11    Str: 21    XL:     4   Next: 39%
Magic:  6/6        EV:  5    Int: 10    God:
Gold:   79         SH:  4    Dex: 13    Spells: 3/3 levels left

rFire   . . .      SeeInvis +   g - +1 flail (vorpal)
rCold   . . .      Faith    .   c - +0 buckler
rNeg    . . .      Spirit   .   i - +0 plate armour
rPois   .          Reflect  .   (no helmet)
rElec   .          Harm     .   (no cloak)
rCorr   .          Rampage  .   (no gloves)
Will    .....                   (no boots)
Stlth   ..........              (no amulet)
HPRegen 0.12/turn               t - ring of see invisible
MPRegen 0.10/turn               (no ring)

@: no status effects
A: high MP 1, forlorn, divine attributes
a: no special abilities


You were on level 3 of the Dungeon.
You visited 1 branch of the dungeon, and saw 3 of its levels.

You collected 79 gold pieces.

Inventory:

Hand Weapons
 a - a +0 long sword
 g - a +1 vorpal flail (weapon)
 w - a +1 arbalest
Missiles
 k - 2 poisoned darts
 l - 3 boomerangs
 p - 27 stones (quivered)
Armour
 b - a +0 scale mail
 c - a +0 buckler (worn)
 i - a +0 plate armour (worn)
Jewellery
 f - a ring of ice
 t - a ring of see invisible (left hand)
Scrolls
 r - a scroll of blinking
 s - a scroll of poison {unknown}
Potions
 d - 2 potions of might
 e - a potion of mutation
 h - a potion of heal wounds
 j - 4 potions of curing
 m - a potion of berserk rage {unknown}
 n - a potion of brilliance {unknown}
 o - 2 potions of flight {unknown}
 q - a potion of invisibility {unknown}


   Skills:
 + Level 3.4 Fighting
 + Level 2.1 Long Blades
 + Level 1.3 Maces & Flails
 + Level 1.1 Ranged Weapons
 + Level 3.4 Armour
 + Level 0.1 Dodging
 + Level 2.8 Shields


You had 3 spell levels left.
You didn't know any spells.
Your spell library contained the following spells:

 Spells                   Type           Power      Damage    Failure   Level
 Apportation              Tloc           0%         N/A       100%        1
 Necrotise                Necr           0%         1d4       100%        1
 Summon Small Mammal      Summ           0%         N/A       100%        1


Dungeon Overview and Level Annotations

Branches:
Dungeon (3/15)

Shops:
D:2 [


Innate Abilities, Weirdness & Mutations

You have an increased reservoir of magic. (+10% MP)
You shall have no god before yourself.
Your divine heritage dramatically boosts your attributes as you level up.


Message History

The orc shouts!
An orc comes into view. It is wielding a +0 hand axe.
An orc priest comes into view. It is wielding a +0 short sword.
Throw: 28 stones
Press: ? - help, Q - select action, (/) - cycle Shift-Dir - straight line, f - orc
Aim: an orc, wielding a +0 club (57% to hit)
You throw a stone. The orc shouts!
The stone hits the orc.
The orc is lightly wounded.
The orc hits you but does no damage.
You hit the orc.
The orc is heavily wounded.
The orc hits you but does no damage.
You thump the orc!
You kill the orc!
You hit the orc.
You kill the orc!
The orc priest invokes the aid of Beogh against you.
Beogh smites you!
The orc hits you from afar with a +0 trident.
The orc priest invokes the aid of Beogh against you.
Beogh smites you! The orc hits you with a +0 trident.
Items here: )) [ ††.
You hit the orc but do no damage. The orc barely misses you.
You thump the orc!
You kill the orc!
The orc hits you with a +0 hand axe.
* * * LOW HITPOINT WARNING * * *
You sock the orc!
You kill the orc!
You barely miss the orc priest.
The orc priest hits you but does no damage.
You closely miss the orc priest. The orc priest closely misses you.
The orc priest hits you but does no damage.
You closely miss the orc priest. You block the orc priest's attack.
You barely miss the orc priest.
The orc priest mumbles some strange prayers to Beogh against you.
Beogh smites you!
You die...

#..# #..# #..#
#.. #.. # #.# .#
#o# #. #@# #.
#.# #.#######.
#.# #.........
#.# ######.###
#.############.#
#.......)......#
################


You could see an orc priest.

Vanquished Creatures
  Terence (D:2)
  3 adders
  2 worms
  3 dart slugs
  4 orcs (D:3)
  6 ball pythons
  3 endoplasms
  3 giant cockroaches (D:1)
  6 goblins
  6 kobolds
  A quokka (D:2)
  6 bats
  2 rats
46 creatures vanquished.

Notes
Turn   | Place    | Note
-------+----------+-------------------------------------------
     0 | D:1      | Kazon the Demigod Fighter began the quest for the Orb.
     0 | D:1      | Reached XP level 1. HP: 18/18 MP: 3/3
   124 | D:1      | Reached XP level 2. HP: 25/25 MP: 4/4
  1097 | D:2      | Reached XP level 3. HP: 31/31 MP: 5/5
  1368 | D:2      | Found Bailloare's Armour Boutique.
  1369 | D:2      | Noticed Terence
  1383 | D:2      | Killed Terence
  1706 | D:2      | Reached skill level 1 in Ranged Weapons
  2012 | D:3      | Reached XP level 4. HP: 38/38 MP: 6/6
  2066 | D:3      | Reached skill level 1 in Maces & Flails
  2195 | D:3      | Killed from afar by an orc priest

Illustrated notes

Levels and vault maps discovered:
D:1:      dpeg_arrival_three_smaller_balls, layout_basic,
          shapermc_ecumenical_altar_mp_urbaneastern, minmay_tetromino_t4
D:2:      layout_basic, serial_shops, shop_fountains, uniq_terence
D:3:      layout_loops_ring, serial_shops, nicolae_shop_window_shopping,
          dk_noncrumbling_3, dk_noncrumbling_4

Skill      XL: |  1  2  3  4 |
---------------+-------------+-----
Fighting       | 3 |  3.4
Armour         | 3 |  3.4
Long Blades    | 2 |  2.1
Ranged Weapons | 1 |  1.1
Maces & Flails | 1 |  1.3
Dodging        | |  0.1
Shields        | |  2.8

Action                   |  1- 3 |  4- 6 || total
-------------------------+-------+-------++-------
Melee: Long sword        |    10 |       ||    10
       Flail             |    50 |    19 ||    69
       Punch             |     1 |       ||     1
 Fire: Arbalest          |    40 |     3 ||    43
Throw: Stone             |       |     2 ||     2
  Use: Scroll            |     5 |     2 ||     7
Armor: Scale mail        |    21 |       ||    21
       Plate armour      |    43 |    12 ||    55
Dodge: Dodged            |    47 |     4 ||    51
Block: Buckler           |       |     2 ||     2

Table legend: (Time is in decaauts)
 A = Elapsed time spent in this place.
 B = Non-inter-level travel time spent in this place.
 C = Inter-level travel time spent in this place.
 D = Time resting spent in this place.
 E = Time spent auto-exploring this place.
 F = Levels seen in this place.
 G = Mean time per level.
                   A        B        C        D        E       F      G
               +--------+--------+--------+--------+--------+-----+--------+
         Total |   2265 |   2199 |     66 |      0 |   1031 |   3 |  755.0 |
       Dungeon |   2265 |   2199 |     66 |      0 |   1031 |   3 |  755.0 |
               +--------+--------+--------+--------+--------+-----+--------+

Top non-repeatable levels by time:
     D:1: 1127 daAuts
     D:2: 933 daAuts
     D:3: 204 daAuts
